 Dungeon Crawl Stone Soup version 0.32-a0-991-g7117bd966e (console) character file.

Game seed: 10486544330979077511

1618483 Lightli the Lord of Darkness (level 25, 199/199 HPs)
             Began as a Mountain Dwarf Necromancer on Apr 21, 2024.
             Was the Champion of Kikubaaqudgha.
             Escaped with the Orb
             ... and 3 runes!
             The game lasted 03:32:27 (72231 turns).

Lightli the Lord of Darkness (MDNe)                Turns: 72231, Time: 03:32:27

Health: 199/199    AC: 44    Str: 12 (19) XL:     25   Next: 89%
Magic:  39/39      EV:  5    Int: 30 (33) God:    Kikubaaqudgha [******]
Gold:   914        SH:  5    Dex: 11 (15) Spells: 0/58 levels left

rFire   + + .        a - staff of Dixugaek {rC+ Will- Dex+5 Ice Earth}
rCold   + + +        T - +0 buckler {rF+}
rNeg    . . .        U - +10 plate armour of Grace {^Drain rElec rF+ Int+3}
rPois   +            m - +2 helmet
rElec   +            R - +2 cloak "Kyipij" {rPois rC++ Str+4}
rCorr   +            o - +2 pair of gloves {hurl}
SInv    +            u - +2 pair of boots
Will    ++...        s - amulet of magic regeneration Stlth
                     n - ring "Kivastrehu" {rF+ rC+ rCorr Int+4}
HPRegen 0.53/turn    C - ring "Harghytyiv" {Ice Str+2 SInv}
MPRegen 0.66/turn

%: clarity
@: studying Ranged Weapons
A: runic magic, artefact enchanting, clarity, frail 1, low MP 1, strong-willed 1
0: Orb of Zot
}: 3/15 runes: barnacled, slimy, silver
a: Renounce Religion, Unearth Wretches, Torment


You escaped.
You worshipped Kikubaaqudgha.
Kikubaaqudgha was exalted by your worship.
You visited 11 branches of the dungeon, and saw 51 of its levels.
You also visited: Bailey and Ice Cave.

You collected 8088 gold pieces.
You spent 7174 gold pieces at shops.

Inventory:

Hand Weapons
 b - a +9 quick blade of pain
Missiles
 E - 13 curare-tipped darts
 I - 14 throwing nets
Armour
 m - a +2 helmet (worn)
 o - a +2 pair of gloves of hurling (worn)
 u - a +2 pair of boots (worn)
 R - the +2 cloak "Kyipij" (worn) {rPois rC++ Str+4}
   (You bought it in a shop on level 2 of the Orcish Mines)

   Str+4:     It affects your strength (+4).
   rC++:      It greatly protects you from cold.
   rPois:     It protects you from poison.
 T - a +0 buckler of fire resistance (worn)
 U - the +10 plate armour of Grace (worn) {^Drain rElec rF+ Int+3}
   (You took it off a vault guard on level 5 of the Vaults)

   Int+3:     It affects your intelligence (+3).
   rF+:       It protects you from fire.
   rElec:     It insulates you from electricity.
   ^Drain:    It drains your maximum health when unequipped.
Magical Staves
 a - the staff of Dixugaek (weapon) {rC+ Will- Dex+5 Ice Earth}
   (You found it on level 3 of the Depths)

   [staff of cold]

   Base accuracy: +5 Base damage: 5 Base attack delay: 1.2 This weapon's minimum
   attack delay (0.6) is reached at skill level 12.
   Dex+5:     It affects your dexterity (+5).
   rC+:       It protects you from cold.
   Will-:     It decreases your willpower.
   Ice:       It increases the power of your Ice spells.
   Earth:     It increases the power of your Earth spells.
   It falls into the 'Staves' category.
   It is a one-handed weapon.
 V - the staff of the Mind {rF+ rC+ Will++ Dex-2 Ice}
   (You found it on level 3 of the Depths)

   [staff of cold]

   Base accuracy: +5 Base damage: 5 Base attack delay: 1.2 This weapon's minimum
   attack delay (0.6) is reached at skill level 12.
   Dex-2:     It affects your dexterity (-2).
   rF+:       It protects you from fire.
   rC+:       It protects you from cold.
   Will++:    It greatly increases your willpower.
   Ice:       It increases the power of your Ice spells.
   It falls into the 'Staves' category.
   It is a one-handed weapon.
Jewellery
 n - the ring "Kivastrehu" (left hand) {rF+ rC+ rCorr Int+4}
   (You found it on level 5 of the Pits of Slime)

   [ring of resist corrosion]

   Int+4:     It affects your intelligence (+4).
   rF+:       It protects you from fire.
   rC+:       It protects you from cold.
   rCorr:     It protects you from acid and corrosion.
 p - the ring of Ipnov {rF+ Int+5}
   (You bought it in a shop on level 4 of the Dungeon)

   [ring of protection from fire]

   Int+5:     It affects your intelligence (+5).
   rF+:       It protects you from fire.
 s - an amulet of magic regeneration (around neck)
 C - the ring "Harghytyiv" (right hand) {Ice Str+2 SInv}
   (You took it off Josephina on level 3 of the Depths)

   [ring of ice]

   Ice:       It enhances your ice magic.
   Str+2:     It affects your strength (+2).
   rF-:       It makes you vulnerable to fire.
   rC+:       It protects you from cold.
   SInv:      It lets you see invisible.
 W - a ring of protection from fire
 X - a ring of protection from fire
Wands
 l - a wand of mindburst (23)
 x - a wand of acid (41)
 A - a wand of polymorph (31)
 M - a wand of paralysis (41)
 Q - a wand of roots (34)
 Y - a wand of digging (17)
Scrolls
 e - 9 scrolls of poison
 j - 5 scrolls of revelation
 k - 11 scrolls of teleportation
 r - 2 scrolls of amnesia
 t - 12 scrolls of fog
 w - 2 scrolls of silence
 z - 2 scrolls of butterflies
 B - a scroll of torment
 D - 8 scrolls of noise
 K - 5 scrolls of blinking
 L - 6 scrolls of immolation
 N - 2 scrolls of fear
Potions
 c - 13 potions of curing
 d - 6 potions of enlightenment
 f - 4 potions of magic
 g - a potion of mutation
 h - 7 potions of might
 q - 2 potions of brilliance
 F - a potion of resistance
 G - 3 potions of cancellation
 H - 4 potions of heal wounds
 J - 3 potions of invisibility
 P - 3 potions of ambrosia
 Z - 4 potions of haste
Miscellaneous
 i - a lightning rod (4/4)
 v - a box of beasts
 y - a phantom mirror
 O - a condenser vane
 S - a Gell's gravitambourine (2/2)


   Skills:
 + Level 17.4 Fighting
 - Level 14.0 Short Blades
 - Level 20.0 Armour
 - Level 1.3 Dodging
 - Level 1.4 Stealth
 - Level 8.0 Shields
 - Level 0.1 Unarmed Combat
 - Level 17.0 Spellcasting
 - Level 12.0 Conjurations
 - Level 20.0 Necromancy
 - Level 15.0 Ice Magic
 - Level 15.0 Earth Magic
 - Level 15.0 Alchemy


You couldn't memorise any spells.
You knew the following spells:

 Your Spells              Type           Power      Damage    Failure   Level
a - Permafrost Eruption   Ice/Erth       78%        2x4d17    1%          6
b - Animate Armour        Summ/Erth      100%       N/A       2%          4
c - Dispel Undead         Necr           98%        3d31      0%          4
d - Death Channel         Necr           49%        N/A       1%          6
e - Animate Dead          Necr           98%        N/A       0%          4
f - Curse of Agony        Necr           98%        N/A       1%          5
g - Bombard               Conj/Erth      51%        9d9       2%          6
h - Apportation           Tloc           50%        N/A       4%          1
j - Ozocubu's Refrigerat  Ice            65%        4d22      9%          7
k - Rimeblight            Ice/Necr       69%        2d12      (prim3%     7
R - Borgnjor's Revivific  Necr           49%        N/A       9%          8

Your spell library contained the following spells:

 Spells                   Type           Power      Damage    Failure   Level
 Freeze                   Ice            100%       1d10      0%          1
 Kiss of Death            Conj/Necr      100%       2d13      0%          1
 Necrotise                Necr           100%       1d9       0%          1
 Sandblast                Erth           100%       2d20      0%          1
 Fugue of the Fallen      Necr           98%        N/A       0%          3
 Vampiric Draining        Necr           98%        2d13      0%          3
 Foxfire                  Conj/Fire      100%       2x1d9     1%          1
 Sting                    Conj/Alch      100%       1d9       1%          1
 Cigotuvi's Dreadful Rot  Necr/Alch/Air  100%       N/A       1%          2
 Ensorcelled Hibernation  Hex/Ice        100%       N/A       1%          2
 Mercury Vapours          Alch/Air       100%       N/A       1%          2
 Momentum Strike          Conj/Tloc      100%       3d10      1%          2
 Static Discharge         Conj/Air       100%       3-8/arc   1%          2
 Dazzling Flash           Conj/Hex       100%       N/A       1%          3
 Frozen Ramparts          Ice            100%       1d16      1%          3
 Hailstorm                Conj/Ice       100%       3d16      1%          3
 Mephitic Cloud           Conj/Alch/Air  68%        N/A       1%          3
 Ozocubu's Armour         Ice            100%       N/A       1%          3
 Passwall                 Erth           100%       N/A       1%          3
 Stone Arrow              Conj/Erth      100%       3d13      1%          3
 Summon Ice Beast         Ice/Summ       100%       N/A       1%          3
 Anguish                  Hex/Necr       35%        N/A       1%          4
 Brom's Barrelling Bould  Conj/Erth      100%       2d11      1%          4
 Leda's Liquefaction      Alch/Erth      53%        N/A       1%          4
 Martyr's Knell           Necr/Summ      71%        N/A       1%          4
 Olgreb's Toxic Radiance  Alch           86%        N/A       1%          4
 Petrify                  Alch/Erth      100%       N/A       1%          4
 Borgnjor's Vile Clutch   Necr/Erth      57%        N/A       1%          5
 Irradiate                Conj/Alch      41%        3d25      1%          5
 Iskenderun's Battlesphe  Conj           78%        2d13      1%          5
 Sculpt Simulacrum        Ice/Alch       65%        N/A       1%          6
 Slow                     Hex            100%       N/A       4%          1
 Summon Small Mammal      Summ           100%       N/A       4%          1
 Iskenderun's Mystic Bla  Conj/Tloc      57%        2d12      (+2d64%     4
 Metabolic Englaciation   Hex/Ice        51%        N/A       6%          5
 Blink                    Tloc           50%        N/A       7%          2
 Lesser Beckoning         Tloc           50%        N/A       7%          2
 Seismic Cannonade        Alch/Erth      53%        6d17      9%          7
 Infestation              Necr           49%        N/A       9%          8
 Fireball                 Conj/Fire      28%        3d12      11%         5
 Call Canine Familiar     Summ           25%        N/A       14%         3
 Confusing Touch          Hex            25%        N/A       14%         3
 Maxwell's Portable Pile  Tloc           25%        2d(7-21)  14%         3
 Swiftness                Air            25%        N/A       14%         3
 Tukima's Dance           Hex            25%        N/A       14%         3
 Volatile Blastmotes      Fire/Tloc      50%        2d14      14%         3
 Orb of Destruction       Conj           39%        9d11      28%         7
 Airstrike                Air            12%        2d(2-18)  43%         4
 Cause Fear               Hex            12%        N/A       43%         4
 Dimensional Bullseye     Hex/Tloc       12%        N/A       43%         4
 Passage of Golubria      Tloc           25%        N/A       43%         4
 Summon Blazeheart Golem  Fire/Summ      25%        N/A       43%         4
 Summon Lightning Spire   Summ/Air       25%        N/A       43%         4
 Vhi's Electric Charge    Tloc/Air       50%        N/A       43%         4
 Conjure Ball Lightning   Conj/Air       28%        3x3d8     52%         6
 Starburst                Conj/Fire      28%        6d9       52%         6
 Haunt                    Necr/Summ      35%        N/A       54%         7
 Fulsome Fusillade        Conj/Alch      41%        (3-5)d13  77%         8
 Lehudib's Crystal Spear  Conj/Erth      51%        10d12     77%         8
 Silence                  Hex/Air        12%        N/A       78%         5
 Summon Mana Viper        Hex/Summ       25%        N/A       78%         5
 Death's Door             Necr           49%        N/A       78%         9
 Magnavolt                Erth/Air       40%        3d19      88%         7
 Spellforged Servitor     Conj/Summ      28%        N/A       98%         7
 Gell's Gavotte           Tloc           12%        2d(16-24) 100%        6
 Plasma Beam              Fire/Air       12%        2x1d23    100%        6
 Manifold Assault         Tloc           12%        N/A       100%        7
 Monstrous Menagerie      Summ           12%        N/A       100%        7
 Summon Hydra             Summ           12%        N/A       100%        7
 Discord                  Hex            12%        N/A       100%        8
 Disjunction              Tloc           12%        N/A       100%        8
 Maxwell's Capacitive Co  Air            12%        ∞         100%        8
 Summon Horrible Things   Summ           12%        N/A       100%        8
 Chain Lightning          Conj/Air       28%        3d38      100%        9
 Dragon's Call            Summ           12%        N/A       100%        9
 Shatter                  Erth           53%        3d40*     100%        9


Dungeon Overview and Level Annotations

Branches:
Dungeon (15/15)            Temple (1/1) D:4            Lair (5/5) D:11
 Shoals (4/4) Lair:3       Spider (2/4) Lair:3        Slime (5/5) Lair:5
    Orc (2/2) D:10            Elf (3/3) Orc:2        Vaults (5/5) D:13
  Crypt (0/3) Vaults:3     Depths (4/4) D:15            Zot (5/5) Depths:4
 Bailey (visited)           IceCv (visited)

Altars:
Ashenzari
Cheibriados
Dithmenos
Elyvilon
Fedhas
Gozag
Hepliaklqana
Kikubaaqudgha
Makhleb
Nemelex Xobeh
Okawaru
Qazlal
Ru
Sif Muna
Trog
Uskayaw
Vehumet
Wu Jian
Xom
Yredelemnul
Zin
The Shining One
Beogh
Jiyva

Shops:
D:1 (   D:4 =   D:10 [(   Orc:2 [=(=?!:   Shoals:1 *   Shoals:3 :   Vaults:2 !
Vaults:4 =   Vaults:5 !   Depths:2 ::=:   Depths:4 !*:[

Portals:
Hell: Depths:1 Depths:2 Depths:3 Depths:4
Abyss: Depths:2 Depths:3
Pandemonium: Depths:2
Ziggurat: Depths:2

Annotations:
Elf:1 3 runed translucent doors, Tiagaj's ghost, adept BaAl
Vaults:3 3 runed translucent doors, Angmar's ghost, veteran DrAE
Depths:2 3 runed translucent doors, tempest's ghost, veteran BaHu


Innate Abilities, Weirdness & Mutations

Your spellcasting is much less encumbered by armour.
You can use scrolls of enchantment on lesser artefacts.
You possess an exceptional clarity of mind.
You are frail. (-10% HP)
Your magical capacity is low. (-10% MP)
You are strong-willed. (Will+)


Message History

There is a stone staircase leading up here.
You climb upwards.
There is a stone staircase leading down here.
Magic restored.
A cherub comes into view.
It is wielding a +0 scimitar of flaming.
Casting: Bombard (mildly dangerous; 2% risk of failure)
Confirm with . or Enter, or press ? or * to list all spells.
You feel a strong surge of power!
The heat is drained from your surroundings.
The cherub is moderately wounded.
The cherub unwields a +0 scimitar of flaming.
It stops flaming.
The cherub wields a +0 shortbow.
The cherub shoots an arrow.
The arrow hits you but does no damage.
Casting: Ozocubu's Refrigeration (dangerous; 9% risk of failure)
Confirm with . or Enter, or press ? or * to list all spells.
You feel a strong surge of power!
The heat is drained from your surroundings.
You kill the cherub!
Kikubaaqudgha accepts your kill.
Unknown command.
Unknown command.
(D) Dungeon (T) Temple (L) Lair (A) Shoals (N) Spider Nest (M) Slime Pits (O) Orcish Mines (E) Elven Halls (V) Vaults (C) Crypt (U) Depths (H) Hell (Z) Zot
Where to? (Tab/Enter - D:1 @ (x,y), ? - help)
An efreet comes into view.
It is wielding a +3 scimitar of flaming.
Casting: Ozocubu's Refrigeration (dangerous; 9% risk of failure)
Confirm with . or Enter, or press ? or * to list all spells.
You feel a strong surge of power!
The heat is drained from your surroundings.
The efreet is frozen!
You kill the efreet!
Kikubaaqudgha accepts your kill.
You see here a +3 scimitar of flaming.
You start resting.
Magic restored.
There is a staircase leading out of the dungeon here.
Enter note: well this was certainly a game I guess You have escaped!

###..#..# #....
##....##.### #....
##..####....##
###.. #####..)#
##)...## #..
#..##.#.# #..##..#
#..
#......#####..###.#
#..
#...#.####...#....#
#.. #....##
#..####..## ###
#....# #@## ##.##
###.## ### #..# ###
##.# ###


There were no monsters in sight!

Vanquished Creatures
  Dissolution (Slime:5)
  the Royal Jelly (Slime:5)
  4 dread liches
  Frederick (Depths:4)
  2 orbs of fire (Zot:5)
  Josephina (Depths:3)
  Boris (Depths:4)
  A pandemonium lord (D:4)
  A Killer Klown (Zot:5)
  Saint Roka (Elf:3)
  A golden dragon (shapeshifter) (Depths:3)
  5 golden dragons
  3 electric golems
  Jorgrun (D:15)
  A Tzitzimitl (D:3)
  An iron giant (shapeshifter) (Depths:3)
  2 hellephants (Depths:2)
  Mlioglotl (Shoals:1)
  6 tentacled monstrosities
  Asterion (Depths:2)
  15 Orb Guardians
  3 liches
  5 titans
  A deep elf blademaster (Elf:3)
  6 sphinxes
  2 deep elf master archers
  2 krakens
  2 death cobs
  2 quicksilver dragons
  15 acid blobs
  Kirke (D:15)
  3 shadow dragons
  Frances (D:13)
  9 storm dragons
  A storm dragon (shapeshifter) (Depths:2)
  13 tengu reavers
  Ilsuiw (Shoals:4)
  2 fire giants
  2 draconian knights (Zot:1)
  5 draconian monks
  A protean progenitor (Zot:5)
  Roxanne (D:14)
  6 azure jellies
  An acid blob (shapeshifter) (Depths:3)
  5 draconian scorchers
  17 rockslimes
  19 vault wardens
  2 draconian shifters
  8 frost giants
  3 emperor scorpions (Spider:2)
  10 deep elf sorcerers
  6 iron dragons
  5 deep elf elementalists
  Louise (Shoals:1)
  2 spriggan defenders (Depths:2)
  13 ironbound preservers
  6 orc warlords
  4 draconian annihilators
  3 formless jellyfish
  4 draconian stormcallers
  6 quicksilver oozes
  A reaper (D:11)
  10 very ugly things
  4 vampire knights
  8 black draconians
  5 green draconians
  6 ironbound thunderhulks
  11 stone giants
  4 deep elf demonologists
  7 deep elf death magi
  Nessos (D:15)
  3 deep elf annihilators
  2 war gargoyles (Vaults:5)
  3 white draconians (Depths:4)
  8 dire elephants
  The ghost of spidder the Mimic, a journeyman DrSh of Makhleb (Lair:2)
  7 yellow draconians
  Azrael (D:12)
  4 purple draconians
  9 red draconians
  2 spark wasps (Zot:5)
  Snorg (D:10)
  A blizzard demon (Depths:3)
  12 ettins
  4 merfolk javelineers (Shoals:4)
  3 fire dragons
  2 crystal guardians (Vaults:2)
  7 merfolk impalers
  A quicksilver ooze (shapeshifter) (Depths:3)
  8 yaktaur captains
  6 entropy weavers
  2 ice dragons
  5 deep elf high priests
  Harold (Lair:2)
  6 hydras
  A salamander tyrant (Depths:3)
  4 spriggan air magi
  Fannar (D:10)
  5 rakshasas
  5 great orbs of eyes
  27 vault guards
  6 merfolk aquamancers
  Erica (D:10)
  2 peacekeepers
  5 satyrs
  4 ogre magi
  7 two-headed ogres
  6 merfolk avatars
  4 ironbound frosthearts
  2 alligator snapping turtles
  A radroach (Spider:1)
  16 centaur warriors
  A two-headed ogre (shapeshifter) (Depths:3)
  38 dancing weapons
  3 tengu warriors
  5 deep troll shamans
  3 orc high priests (Orc:2)
  5 death yaks
  6 hell hogs (Depths:2)
  4 boulder beetles
  5 deep troll earth magi
  A demonic crawler (Spider:1)
  Urug (Lair:2)
  3 occultists
  4 spriggan berserkers
  Sonja (Lair:2)
  14 deep elf knights
  A fire crab (shapeshifter) (Depths:2)
  4 iron trolls
  A pharaoh ant (Spider:2)
  3 skeletal warriors (D:15)
  A goliath frog (Lair:5)
  A cherub (D:1)
  4 large abominations (Elf:1)
  5 sea snakes
  4 skysharks
  3 sun moths (Depths:3)
  4 arcanists
  3 deep elf archers
  30 deep trolls
  5 glowing orange brains
  A skyshark (shapeshifter) (Vaults:5)
  A glowing orange brain (shapeshifter) (Vaults:5)
  7 orb spiders
  30 ironbound convokers
  23 deep elf zephyrmancers
  6 lindwurms
  A frost giant zombie (Vaults:3)
  2 obsidian statues (Zot:5)
  9 phantasmal warriors
  4 thermic dynamos
  2 obsidian bats (Orc:2)
  7 harpies
  18 orc knights
  6 necromancers
  10 wolf spiders
  30 deep elf pyromancers
  22 ugly things
  13 manticores
  4 orc sorcerers (Orc:2)
  4 oklob plants (Lair:5)
  An orb spider (shapeshifter) (Depths:3)
  3 shining eyes (Slime:5)
  A shining eye (shapeshifter) (Depths:3)
  21 fauns
  13 elephants
  8 merfolk sirens
  10 moths of wrath
  6 cyclopes
  3 black mambas
  A frost giant skeleton (Vaults:3)
  Maurice (D:9)
  2 kobold blastminers (Orc:2)
  A smoke demon (Depths:2)
  A torpor snail (Lair:2)
  A water nymph (Shoals:3)
  3 gargoyles
  19 vault sentinels
  2 eyes of devastation
  9 cane toads
  An unseen horror (shapeshifter) (D:13)
  A human zombie (Vaults:3)
  2 hellions (Zot:4)
  4 komodo dragons
  2 spark wasp simulacra (Depths:3)
  A kobold demonologist (D:8)
  14 rime drakes
  An unseen horror (D:9)
  27 yaktaurs
  A rime drake (shapeshifter) (D:14)
  5 tengu conjurers
  2 efreet
  20 merfolk
  5 trolls
  2 red devils
  15 hornets
  7 polar bears
  A tengu simulacrum (Depths:3)
  15 jumping spiders
  13 tarantellas
  2 wind drakes
  A dream sheep (shapeshifter) (Vaults:5)
  A glass eye (Slime:5)
  11 blink frogs
  A fire giant simulacrum (Depths:3)
  7 snapping turtles
  12 culicivoras
  2 air elementals
  Sigmund (D:2)
  A spriggan (Lair:5)
  3 vampires (Vaults:3)
  52 yaks
  90 slime creatures
  A spriggan (shapeshifter) (Depths:3)
  2 shadows
  3 wyverns
  10 water elementals
  6 wraiths
  5 basilisks
  6 hogs
  An unseen horror simulacrum (D:10)
  A fire bat (shapeshifter) (Elf:2)
  A warg (D:15)
  6 fire elementals
  8 golden eyes
  2 steam dragons
  36 redbacks
  2 vampire mosquitoes
  Edmund (D:4)
  An acid dragon (D:7)
  4 hell hounds (D:12)
  16 water moccasins
  A glowing shapeshifter skeleton (Vaults:3)
  29 orc warriors
  3 black bears
  An ice beast (D:6)
  2 sky beasts
  19 wolves
  10 ogres
  19 centaurs
  A phantom (D:6)
  7 kobold brigands
  An elf zombie (Elf:1)
  A bullfrog (shapeshifter) (Depths:1)
  12 bullfrogs
  5 gnoll sergeants
  4 earth elementals
  5 scorpions
  7 wights (D:7)
  A hornet simulacrum (D:14)
  7 killer bees
  14 howler monkeys
  A centaur zombie (D:7)
  A bullfrog zombie (D:7)
  8 hounds
  6 jellies
  19 orc priests
  5 gnoll boudas
  A sleepcap (D:6)
  5 hell rats (Lair:5)
  4 iguanas
  28 orc wizards
  2 killer bee zombies (D:7)
  A howler monkey zombie (D:7)
  Robin (D:3)
  31 gnolls
  8 adders
  4 shadow imps
  2 ufetubi (D:7)
  2 dart slugs
  71 orcs
  2 bats
  6 endoplasms
  4 giant cockroaches
  24 goblins
  15 hobgoblins
  5 jackals (D:3)
  6 quokkas
  7 ball pythons
  A frilled lizard (D:1)
  26 kobolds
  5 rats
  2 aspiring fleshes (Zot:5)
  3 tentacles (Shoals:1)
1862 creatures vanquished.

Vanquished Creatures (collateral kills)
  A golden dragon (Zot:5)
  A tentacled monstrosity (Zot:5)
  A lich (Vaults:5)
  An Orb Guardian (Zot:5)
  2 acid blobs (Slime:5)
  3 storm dragons
  An azure jelly (Slime:5)
  2 protean progenitors (Zot:5)
  A vault warden (Vaults:5)
  2 stone giants (Vaults:5)
  A formless jellyfish (Vaults:2)
  2 ironbound preservers (Vaults:5)
  A black draconian (Zot:5)
  An entropy weaver (Vaults:1)
  A yaktaur captain (Vaults:5)
  4 vault guards (Vaults:5)
  3 hydras (Lair:5)
  A two-headed ogre (D:10)
  A death yak (IceCv)
  A demonic crawler (Spider:2)
  A goliath frog (Lair:5)
  A deep troll (Vaults:5)
  3 skysharks (Lair:5)
  An arcanist (Vaults:1)
  A sun moth (Spider:1)
  A flayed ghost (Vaults:5)
  A phantasmal warrior (Vaults:5)
  An ironbound convoker (Vaults:5)
  2 ugly things
  5 elephants (Lair:5)
  An ice statue (IceCv)
  5 cane toads (Lair:5)
  A freezing wraith (Vaults:5)
  3 komodo dragons
  3 polar bears
  A tyrant leech (Lair:5)
  2 jumping spiders (Spider:1)
  A hornet (Lair:1)
  8 blink frogs (Lair:5)
  2 tarantellas (Spider:1)
  A slime creature (D:13)
  A culicivora (Vaults:1)
  27 yaks
  A basilisk (Lair:5)
  Grum (D:10)
  3 redbacks (Spider:1)
  4 vampire mosquitoes (Lair:5)
  4 water moccasins (Lair:5)
  A black bear (Lair:5)
  2 orc warriors (Bailey)
  2 ogres (D:7)
  10 wolves
  A centaur (D:8)
  6 bullfrogs
  A howler monkey (D:7)
  An electric eel (Lair:5)
  2 orc priests
  2 gnoll boudas
  A shadow imp (D:7)
  2 orcs
  A goblin (Bailey)
  A frilled lizard (D:1)
  4 kobolds
  An aspiring flesh (Zot:5)
155 creatures vanquished.

Vanquished Creatures (others)
  A quicksilver dragon (Zot:5)
  A storm dragon (Zot:5)
  A yellow draconian (Zot:5)
  A purple draconian (Zot:5)
  2 quicksilver dragon zombies
  A hydra (Lair:5)
  3 storm dragon zombies
  A golden dragon zombie (Zot:5)
  2 spark wasp zombies (Zot:5)
  A shadow dragon zombie (Vaults:5)
  A goliath frog zombie (Lair:5)
  An ugly thing zombie (Zot:5)
  A stone giant zombie (Vaults:5)
  A frost giant zombie (Vaults:5)
  A yellow draconian zombie (Zot:5)
  A death yak zombie (IceCv)
  A black draconian zombie (Zot:5)
  An iron troll zombie (Vaults:5)
  A purple draconian zombie (Zot:5)
  6 human zombies (Vaults:5)
  A black mamba zombie (Lair:5)
  2 slime creature zombies (D:13)
  2 skyshark zombies
  A water moccasin (Lair:5)
  2 deep troll zombies (Vaults:5)
  4 cane toad zombies (Lair:5)
  A dream sheep zombie (Vaults:5)
  6 blink frog zombies (Lair:5)
  2 rime drake zombies (IceCv)
  A centaur (D:14)
  4 yaktaur zombies
  A water moccasin zombie (Lair:5)
  4 polar bear zombies
  21 yak zombies
  15 wolf zombies
  A black bear zombie (Lair:5)
  5 bullfrog zombies
  A hound zombie (D:7)
  4 hell rat zombies (Lair:5)
  2 howler monkey zombies (D:7)
  24 orc zombies
  9 gnoll zombies
  2 goblin zombies (Bailey)
  A hobgoblin zombie (Bailey)
  4 kobold zombies (D:8)
  A tentacle (Shoals:1)
150 creatures vanquished.

Grand Total: 2167 creatures vanquished

Notes
Turn   | Place    | Note
-------+----------+-------------------------------------------
     0 | D:1      | Lightli the Mountain Dwarf Necromancer began the quest for
                  | the Orb.
     0 | D:1      | Reached XP level 1. HP: 14/14 MP: 3/3
   170 | D:1      | Reached XP level 2. HP: 20/20 MP: 0/4
   212 | D:1      | Found Pymidiy's Antique Weapon Emporium.
   254 | D:1      | Reached skill level 5 in Necromancy
  1009 | D:2      | Noticed Sigmund
  1189 | D:3      | Reached XP level 3. HP: 26/26 MP: 1/5
  1321 | D:3      | Found a faded altar of an unknown god.
  1390 | D:3      | Learned a level 3 spell: Vampiric Draining
  2049 | D:3      | Identified the +0 leather armour of the Bright Jabberwock
                  | {Rampage rN+ Int+4}
  2139 | D:3      | Reached XP level 4. HP: 32/33 MP: 0/6
  2212 | D:3      | Found a bloodstained altar of Trog.
  2360 | D:3      | Noticed Robin
  2454 | D:3      | Killed Robin
  2857 | D:4      | Reached XP level 5. HP: 38/38 MP: 2/7
  2918 | D:4      | Found Tyuh's Jewellery Shoppe.
  3240 | D:4      | Found a staircase to the Ecumenical Temple.
  3246 | Temple   | Entered the Ecumenical Temple
  3260 | D:4      | Noticed Edmund
  3306 | D:4      | Killed Edmund
  3307 | D:4      | Reached XP level 6. HP: 30/45 MP: 1/9
  3757 | D:5      | Entered Level 5 of the Dungeon
  4027 | D:5      | Learned a level 4 spell: Dispel Undead
  4267 | D:5      | Reached XP level 7. HP: 50/50 MP: 9/13
  4754 | D:2      | Killed Sigmund
  4866 | D:6      | Reached skill level 5 in Spellcasting
  5111 | D:6      | Reached skill level 1 in Fighting
  5111 | D:6      | Reached XP level 8. HP: 61/61 MP: 14/17
  5765 | D:7      | Reached skill level 5 in Fighting
  5797 | D:7      | Reached skill level 1 in Alchemy
  5865 | D:7      | Learned a level 4 spell: Olgreb's Toxic Radiance
  5900 | D:7      | Reached XP level 9. HP: 67/75 MP: 10/18
  6128 | D:7      | Reached skill level 5 in Alchemy
  6158 | D:7      | Reached skill level 1 in Armour
  6164 | D:7      | Noticed a troll
  6215 | D:7      | Killed a troll
  6215 | D:7      | Noticed a purple ugly thing
  6265 | D:7      | Found an ancient bone altar of Kikubaaqudgha.
  6284 | D:7      | Became a worshipper of Kikubaaqudgha
  6310 | D:7      | Learned a level 4 spell: Animate Dead
  6370 | D:7      | Reached skill level 5 in Armour
  6567 | D:7      | Noticed a two-headed ogre
  6568 | D:7      | Reached XP level 10. HP: 83/83 MP: 16/19
  6580 | D:7      | Killed a two-headed ogre
  6586 | D:7      | Reached * piety under Kikubaaqudgha
  6586 | D:7      | Received a gift from Kikubaaqudgha
  6732 | D:7      | Reached skill level 10 in Necromancy
  7221 | D:7      | Killed a purple ugly thing
  7277 | D:7      | Reached ** piety under Kikubaaqudgha
  7340 | D:7      | Found a sacrificial altar of Ru.
  8119 | D:8      | Learned a level 5 spell: Curse of Agony
  8126 | D:8      | Reached skill level 1 in Ice Magic
  8182 | D:8      | Reached XP level 11. HP: 83/92 MP: 11/20
  8252 | D:8      | Noticed a two-headed ogre
  8257 | D:8      | Killed a two-headed ogre
  8436 | D:9      | Reached skill level 1 in Earth Magic
  8464 | D:9      | Noticed Maurice
  8474 | D:9      | Killed Maurice
  8575 | D:9      | Reached skill level 5 in Earth Magic
  8662 | D:9      | Reached *** piety under Kikubaaqudgha
  8662 | D:9      | Received a gift from Kikubaaqudgha
  8739 | D:9      | Found a flagged portal.
  8749 | Bailey   | Entered a bailey
  8786 | Bailey   | Learned a level 1 spell: Sandblast
  8919 | Bailey   | Noticed an orc warlord
  8920 | Bailey   | Reached **** piety under Kikubaaqudgha
  8937 | Bailey   | Killed an orc warlord
  9000 | Bailey   | Reached skill level 10 in Spellcasting
  9000 | Bailey   | Reached XP level 12. HP: 100/100 MP: 21/26
  9081 | Bailey   | Reached skill level 10 in Earth Magic
  9221 | Bailey   | Learned a level 3 spell: Frozen Ramparts
  9225 | Bailey   | Learned a level 3 spell: Stone Arrow
  9610 | D:10     | Entered Level 10 of the Dungeon
  9610 | D:10     | Noticed Erica
  9616 | D:10     | Killed Erica
  9641 | D:10     | Noticed Fannar
  9652 | D:10     | Killed Fannar
  9694 | D:10     | Noticed Grum
  9701 | D:10     | Killed Grum
  9865 | D:10     | Found Ungis's Armour Emporium.
  9869 | D:10     | Found a staircase to the Orcish Mines.
  9871 | D:10     | Found Vesmics's Weapon Emporium.
  9934 | D:10     | Noticed a two-headed ogre
  9941 | D:10     | Killed a two-headed ogre
 10167 | D:10     | Found a hazy altar of Hepliaklqana.
 10209 | D:10     | Noticed Snorg
 10221 | D:10     | Your ally Grum died
 10282 | D:10     | Killed Snorg
 10283 | D:10     | Reached XP level 13. HP: 49/113 MP: 3/27
 10290 | D:10     | Reached skill level 10 in Fighting
 10591 | D:10     | HP: 4/113 [red ugly thing (13)]
 10872 | D:10     | Reached skill level 1 in Conjurations
 11367 | D:11     | Found a staircase to the Lair.
 11559 | D:11     | Identified the +0 robe of True Grit {Will+ Dex+5}
 11634 | D:11     | Reached ***** piety under Kikubaaqudgha
 11780 | Lair:1   | Entered Level 1 of the Lair of Beasts
 12226 | Lair:1   | Reached skill level 5 in Conjurations
 12657 | Lair:1   | Found the +8 trident of the Octopus King {venom, rElec
                  | rPois}
 12988 | Lair:2   | Noticed Sonja
 12995 | Lair:2   | Killed Sonja
 13112 | Lair:2   | Identified a scroll of acquirement
 13112 | Lair:2   | Acquired 1027 gold pieces
 13133 | Lair:2   | You fall into a shaft and drop 2 floors!
 13446 | Lair:4   | Reached skill level 15 in Necromancy
 13516 | Lair:4   | Found a frozen archway.
 13545 | IceCv    | Entered an ice cave
 13574 | IceCv    | Reached XP level 14. HP: 51/121 MP: 3/28
 14388 | IceCv    | Noticed a frost giant
 14408 | IceCv    | Killed a frost giant
 14683 | IceCv    | Reached skill level 10 in Armour
 14705 | IceCv    | Identified the +0 pair of boots "Coklatis" {Fly Will- Str-5
                  | Int+5}
 15161 | Lair:4   | Reached skill level 5 in Ice Magic
 15163 | Lair:4   | Reached ****** piety under Kikubaaqudgha
 15444 | Lair:4   | Learned a level 6 spell: Permafrost Eruption
 15646 | Lair:3   | Gained mutation: Your flesh is heat resistant. (rF+)
                  | [potion of mutation]
 15788 | Lair:3   | Found a hole to the Spider Nest.
 16109 | Lair:3   | Found a staircase to the Shoals.
 16456 | Lair:2   | Noticed Harold
 16466 | Lair:2   | Killed Harold
 16564 | Lair:2   | Noticed Urug
 16577 | Lair:2   | Killed Urug
 16992 | Lair:2   | Found a runed translucent door.
 16993 | Lair:2   | Noticed spidder's ghost (journeyman DrSh)
 17398 | Lair:2   | Killed spidder's ghost
 17517 | Lair:5   | Entered Level 5 of the Lair of Beasts
 17657 | Lair:5   | Reached skill level 10 in Ice Magic
 17669 | Lair:5   | Reached XP level 15. HP: 100/126 MP: 20/29
 18573 | Lair:5   | Found a staircase to the Slime Pits.
 18612 | Lair:5   | Found a viscous altar of Jiyva.
 19458 | D:12     | Reached skill level 15 in Earth Magic
 20078 | D:12     | Noticed Azrael
 20082 | D:12     | Killed Azrael
 20264 | Orc:1    | Entered Level 1 of the Orcish Mines
 20401 | Orc:1    | Found a roughly hewn altar of Beogh.
 20476 | Orc:2    | Entered Level 2 of the Orcish Mines
 20483 | Orc:2    | Found a staircase to the Elven Halls.
 20648 | D:4      | Bought the ring of Ipnov {rF+ Int+5} for 510 gold pieces
 21327 | Orc:2    | Found Bumus's Armour Boutique.
 21330 | Orc:2    | Found Zaliffat's Jewellery Shop.
 21336 | Orc:2    | Bought a +2 helmet for 231 gold pieces
 21699 | Orc:2    | Found Neos's Distillery.
 21704 | Orc:2    | Found Eguerhee's Magic Scroll Shop.
 21708 | Orc:2    | Bought a potion of lignification for 42 gold pieces
 21711 | Orc:2    | Bought a scroll of blinking for 105 gold pieces
 21711 | Orc:2    | Found Boceris's Jewellery Shop.
 21713 | Orc:2    | Found Tiure's Antique Weapon Shoppe.
 21750 | Orc:2    | Found Qidofubi's Book Shoppe.
 21758 | Orc:2    | Bought a manual of Fighting for 1280 gold pieces
 22114 | Orc:1    | Found a roughly hewn altar of Beogh.
 22321 | Elf:1    | Entered Level 1 of the Elven Halls
 22612 | Elf:1    | Noticed a Brimstone Fiend
 22613 | Elf:1    | Noticed a Brimstone Fiend
 22678 | Elf:1    | Reached XP level 16. HP: 121/134 MP: 3/30
 22840 | Elf:1    | Got the Almanac of the Escort
 23478 | Elf:1    | Got Puyqy's Almanac of the Crypt
 23813 | Elf:1    | Found a runed translucent gate.
 23814 | Elf:1    | Found a runed translucent gate.
 23815 | Elf:1    | Found a runed translucent gate.
 23816 | Elf:1    | Identified the +5 robe of Experimentation {Harm Will+}
 23816 | Elf:1    | Noticed Tiagaj's ghost (adept BaAl)
 23816 | Elf:1    | Identified the +6 demon whip of Kugo {flame, Fly rF+ Dex+3}
 23818 | Elf:1    | Found an iron altar of Okawaru.
 24796 | Elf:2    | Reached skill level 15 in Ice Magic
 24995 | Elf:2    | Found a runed translucent gate.
 24996 | Elf:2    | Found a runed translucent gate.
 24996 | Elf:2    | Found a runed translucent gate.
 25195 | Elf:2    | Upgraded the game from 0.32-a0-932-g546787307d to
                  | 0.32-a0-991-g7117bd966e
 25336 | Elf:3    | Entered Level 3 of the Elven Halls
 25366 | Elf:3    | Found a radiant altar of Vehumet.
 25539 | Elf:3    | Noticed Saint Roka
 25697 | Elf:3    | Killed Saint Roka
 26402 | Elf:3    | Noticed a deep elf blademaster
 26412 | Elf:3    | Killed a deep elf blademaster
 26575 | Elf:3    | Reached skill level 15 in Fighting
 26760 | Elf:3    | Reached XP level 17. HP: 135/156 MP: 17/31
 27165 | Elf:3    | Identified the +8 war axe of Diet Blood {holy, Str+6}
 27165 | Elf:3    | Identified the +0 leather armour of Daffodils {rPois Will+}
 27336 | Elf:3    | Identified the +2 scale mail "Gelyubre" {Str+3}
 27336 | Elf:3    | Noticed a deep elf blademaster
 27689 | Elf:3    | Noticed a deep elf master archer
 27698 | Elf:3    | Killed a deep elf master archer
 28349 | Elf:3    | Identified the +3 pair of boots "Goxtejexo" {-Tele Harm
                  | Will+ Int+2}
 28350 | Elf:3    | high risk boots
 28377 | Elf:3    | Got the Handbook of Fermentation and Necromantic Ceremonies
 28388 | Elf:3    | Identified the +3 shortbow of the Mind {heavy, Str+3}
 28435 | Elf:3    | Got the Anthology of the Volcanic Zephyr
 28446 | Elf:3    | Identified the +6 sling of the Jumping Augurer {drain, rF++
                  | rN+}
 28573 | Elf:3    | Got the Incunable of the Athanor and the Crypt
 28640 | Elf:3    | Got the Tome of the Mirage
 28641 | Elf:3    | Identified the +3 arbalest "Rolegof" {heavy, Fly Str+3}
 28799 | Orc:2    | Bought the +1 cloak "Kyipij" {rPois rC++ Str+4} for 652
                  | gold pieces
 30845 | D:13     | Found a gate to the Vaults.
 30899 | D:13     | Reached skill level 15 in Armour
 31127 | D:13     | Noticed Frances
 31130 | D:13     | Killed Frances
 31708 | D:13     | Acquired a +1 quick blade of flaming
 31717 | D:13     | Identified a +9 quick blade of pain (a +7 quick blade of
                  | flaming bloodied by Kikubaaqudgha)
 31717 | D:13     | Received a gift from Kikubaaqudgha
 32028 | D:14     | You fall into a shaft and drop 1 floor!
 32028 | D:15     | Entered Level 15 of the Dungeon
 32028 | D:15     | Found an ornate altar of the Wu Jian Council.
 32468 | D:14     | Noticed Roxanne
 32524 | D:14     | Killed Roxanne
 32639 | D:14     | Found a glowing golden altar of the Shining One.
 32915 | D:15     | Reached XP level 18. HP: 163/163 MP: 28/33
 32929 | D:15     | Found a staircase to the Depths.
 32974 | D:15     | Noticed Nessos
 32975 | D:15     | Noticed Jorgrun
 33100 | D:15     | Noticed Kirke
 33234 | D:15     | Killed Nessos
 33245 | D:15     | Killed Jorgrun
 33462 | D:15     | Killed Kirke
 34324 | Elf:3    | Learned a level 7 spell: Ozocubu's Refrigeration
 34545 | Shoals:1 | Entered Level 1 of the Shoals
 34545 | Shoals:1 | Noticed Louise
 34549 | Shoals:1 | Killed Louise
 34819 | Shoals:1 | Found Guruvvaf's General Store.
 34828 | Shoals:1 | Bought a potion of heal wounds for 50 gold pieces
 34963 | Shoals:1 | Noticed Mlioglotl
 34968 | Shoals:1 | Killed Mlioglotl
 36200 | Shoals:3 | Found a transporter.
 36392 | Shoals:3 | Found Nullodib's Book Boutique.
 36394 | Shoals:3 | Found a transporter.
 36683 | Shoals:4 | Entered Level 4 of the Shoals
 37710 | Shoals:4 | Noticed Ilsuiw
 38176 | Shoals:4 | Reached skill level 15 in Spellcasting
 38211 | Shoals:4 | Got a barnacled rune of Zot
 38522 | Shoals:4 | Killed Ilsuiw
 38838 | Shoals:4 | Reached XP level 19. HP: 170/170 MP: 32/38
 39007 | Slime:1  | Entered Level 1 of the Pits of Slime
 40206 | Slime:5  | Entered Level 5 of the Pits of Slime
 40258 | Slime:5  | Noticed Dissolution
 40406 | Slime:5  | Gained mutation: You sometimes lose your temper in combat.
                  | [a shining eye]
 40835 | Depths:1 | Entered Level 1 of the Depths
 40989 | Depths:1 | Reached skill level 10 in Conjurations
 41662 | Depths:1 | Found a gateway to Hell.
 42683 | Depths:2 | Noticed Asterion
 42687 | Depths:2 | Killed Asterion
 43074 | Depths:2 | Found the +5 glaive of the Guard {elec, spectral}
 43116 | Depths:2 | Found a one-way gate to the infinite horrors of the Abyss.
 43512 | Depths:2 | Found a one-way gate leading to the halls of Pandemonium.
 43562 | Depths:2 | Found a one-way gateway to a ziggurat.
 43650 | Depths:2 | Found Etsodiuwn's Book Emporium.
 43659 | Depths:2 | Bought a book of Armaments for 1144 gold pieces
 43668 | Depths:2 | Found Olomagg's Jewellery Emporium.
 43669 | Depths:2 | Found Sugeecog's Book Boutique.
 43669 | Depths:2 | Found Duociak's Book Boutique.
 43679 | Depths:2 | Bought a book of Wicked Creation for 572 gold pieces
 43687 | Depths:2 | Learned a level 7 spell: Rimeblight
 43737 | Depths:2 | Noticed a hellephant
 43737 | Depths:2 | Noticed a hellephant
 43966 | Depths:2 | Found a runed translucent gate.
 43992 | Depths:2 | Killed a hellephant
 44030 | Depths:2 | Killed a hellephant
 44259 | Depths:2 | Noticed a Brimstone Fiend
 44260 | Depths:2 | Noticed tempest's ghost (veteran BaHu)
 44329 | Depths:2 | Found a runed translucent gate.
 44332 | Depths:2 | Found a runed translucent gate.
 44379 | Depths:2 | Found a sparkling altar of Nemelex Xobeh.
 44662 | Depths:2 | Reached XP level 20. HP: 160/178 MP: 39/39
 46934 | Depths:3 | Reached skill level 10 in Alchemy
 47031 | Depths:3 | Identified the ring "Harghytyiv" {Ice Str+2 SInv}
 47031 | Depths:3 | Noticed Josephina
 47037 | Depths:3 | Killed Josephina
 47242 | Depths:3 | Noticed a golden dragon
 47247 | Depths:3 | Killed a golden dragon
 47518 | Depths:3 | Noticed a golden dragon
 47527 | Depths:3 | Killed a golden dragon
 47616 | Depths:3 | Identified the +4 flail of Temperance {freeze, Will+ Int+4}
 47683 | Depths:3 | Identified the staff of Dixugaek {rC+ Will- Dex+5 Ice
                  | Earth}
 47684 | Depths:3 | holy god
 47734 | Depths:3 | Learned a level 7 spell: Seismic Cannonade
 47755 | Depths:3 | Identified the staff of the Mind {rF+ rC+ Will++ Dex-2 Ice}
 47761 | Depths:3 | Got the Collected Works on Lithic Ouranomancy
 48336 | Spider:1 | Entered Level 1 of the Spider Nest
 50982 | Vaults:1 | Entered Level 1 of the Vaults
 51131 | Vaults:1 | Reached XP level 21. HP: 174/184 MP: 28/40
 51508 | Vaults:1 | Identified the +7 long sword of the Hurling Gods {heavy,
                  | rC+++ rCorr MP+9 Str-2}
 52408 | Vaults:2 | Noticed Bai Suzhen
 52591 | Vaults:1 | Killed Bai Suzhen
 52932 | Vaults:2 | Found Voawn's Distillery.
 52940 | Vaults:2 | Bought 2 potions of heal wounds for 130 gold pieces
 53090 | Vaults:2 | Reached skill level 15 in Alchemy
 53394 | Depths:2 | Bought a manual of Short Blades for 1040 gold pieces
 53603 | Vaults:2 | Reached skill level 1 in Short Blades
 53703 | Vaults:2 | Paralysed by a formless jellyfish for 1 turns
 53706 | Vaults:2 | Paralysed by a formless jellyfish for 1 turns
 54500 | Vaults:3 | Reached skill level 5 in Short Blades
 54729 | Vaults:3 | Found a staircase to the Crypt.
 55709 | Vaults:3 | Reached skill level 10 in Short Blades
 56413 | Vaults:3 | Found a runed translucent gate.
 56413 | Vaults:3 | Found a runed translucent gate.
 56413 | Vaults:3 | Found a runed translucent gate.
 56413 | Vaults:3 | Noticed Angmar's ghost (veteran DrAE)
 56425 | Vaults:3 | Learned a level 6 spell: Death Channel
 56425 | Vaults:3 | Found a viscous altar of Jiyva.
 56776 | Slime:5  | Noticed the Royal Jelly
 56784 | Slime:5  | Killed Dissolution
 56785 | Slime:5  | Reached XP level 22. HP: 73/192 MP: 27/41
 56814 | Slime:5  | Gained mutation: You occasionally shout uncontrollably at
                  | your foes. [a shining eye]
 56861 | Slime:5  | Killed the Royal Jelly
 57302 | Slime:5  | Identified the +11 short sword of the Puffball {freeze,
                  | rElec Will+++}
 57303 | Slime:5  | Identified the amulet "Utaf" {Faith Regen+ Str+3}
 57315 | Slime:5  | Identified the +10 trident of Evisceration {freeze,
                  | *Corrode rF+ Int+3}
 57411 | Slime:5  | Identified the ring "Kivastrehu" {rF+ rC+ rCorr Int+4}
 57419 | Slime:5  | Identified the +6 arbalest of the Unkillable {freeze,
                  | +Blink Will- Dex+5}
 57758 | Slime:5  | Got the Handbook of Position and Adjuration
 57769 | Slime:5  | Identified the +6 shortbow of Floods {flame, rC++}
 57774 | Slime:5  | Identified the +3 great mace "Linef" {flame, ^Drain Fly
                  | rC++ Dex+2}
 57942 | Slime:5  | Identified the +8 plate armour of Otheexan {rF+ rC+ Str-5
                  | Dex+3}
 57943 | Slime:5  | Identified the staff "Tormentor" {rF- rC+ rN+ Str+4 Necro}
 57945 | Slime:5  | Got a slimy rune of Zot
 58372 | Vaults:3 | Lost mutation: You occasionally shout uncontrollably at
                  | your foes. [potion of mutation]
 58372 | Vaults:3 | Lost mutation: Your flesh is heat resistant. (rF+) [potion
                  | of mutation]
 58372 | Vaults:3 | Lost mutation: You sometimes lose your temper in combat.
                  | [potion of mutation]
 58372 | Vaults:3 | Gained mutation: Your flesh is cold resistant. (rC+)
                  | [potion of mutation]
 58373 | Vaults:3 | Lost mutation: Your flesh is cold resistant. (rC+) [potion
                  | of mutation]
 58373 | Vaults:3 | Gained mutation: You occasionally shout uncontrollably at
                  | your foes. [potion of mutation]
 58373 | Vaults:3 | Gained mutation: You are partially covered in large bone
                  | plates. (SH +4) [potion of mutation]
 58373 | Vaults:3 | Gained mutation: You have hidden genetic potential. [potion
                  | of mutation]
 58723 | Vaults:4 | Reached skill level 1 in Shields
 58804 | Vaults:4 | Identified the +9 battleaxe of Jenuq Uxti {heavy, rN+ rCorr
                  | Int-3}
 59167 | Vaults:4 | Found Visuhal's Jewellery Emporium.
 59271 | Vaults:4 | Reached skill level 5 in Shields
 60571 | Vaults:5 | Entered Level 5 of the Vaults
 60981 | Vaults:5 | Noticed a dread lich
 60991 | Vaults:5 | Killed a dread lich
 61192 | Vaults:5 | Identified the +2 great sword "Dakewe Houbo" {venom, ^Drain
                  | rF+ rC++}
 61329 | Vaults:5 | Identified the ring "Abitoat" {Fly rN+}
 61397 | Vaults:5 | Identified the +0 plate armour of Grace {^Drain rElec rF+
                  | Int+3}
 61466 | Vaults:5 | Reached XP level 23. HP: 199/199 MP: 35/42
 61565 | Vaults:5 | Identified the +9 plate armour of Leaves {rPois rN+ Regen+
                  | Dex+2}
 61884 | Vaults:5 | Noticed a dread lich
 61889 | Vaults:5 | Killed a dread lich
 61951 | Vaults:5 | Identified the +3 scimitar "Ristruq" {antimagic, rN+ Str-3
                  | Dex+3}
 61998 | Vaults:5 | Identified the +0 leather armour of Wu Jian's Delight
                  | {Int+2}
 62007 | Vaults:5 | Got the Opusculum on the Syncline
 62014 | Vaults:5 | Gained mutation: You are partially covered in iridescent
                  | scales. (AC +2) [hidden potential]
 62149 | Vaults:5 | Found Gusot's Distillery.
 62151 | Vaults:5 | Bought a potion of magic for 144 gold pieces
 62151 | Vaults:5 | Bought a potion of heal wounds for 90 gold pieces
 62151 | Vaults:5 | Bought a potion of resistance for 180 gold pieces
 62170 | Vaults:5 | Got a silver rune of Zot
 62431 | Vaults:5 | Identified the +1 battleaxe of Obiter Dictum {pain, rF+
                  | rN++ rCorr MP-9}
 62852 | Vaults:5 | Identified the +1 rapier of In Flagrante Delicto {flame,
                  | rElec rCorr Stlth+}
 63270 | Vaults:5 | Identified the +0 leather armour "Herergha" {Int+2 Dex+4
                  | Slay+3 SInv}
 63538 | Depths:4 | Entered Level 4 of the Depths
 63638 | Depths:4 | Identified the +2 robe "Awomo" {rC++ Int+4 Dex-4}
 63638 | Depths:4 | Noticed Boris
 63647 | Depths:4 | Killed Boris
 64399 | Depths:4 | Found Ugev Jya's General Store.
 64402 | Depths:4 | Found Rubradarph's Antique Armour Shop.
 64402 | Depths:4 | Found Leroon's Distillery.
 64405 | Depths:4 | Found Cesot's Book Shop.
 64411 | Depths:4 | Identified the orb of the Cobbler {light, Rampage}
 64411 | Depths:4 | Noticed Frederick
 64928 | Depths:4 | Killed Frederick
 65048 | Depths:4 | Bought a potion of heal wounds for 95 gold pieces
 65048 | Depths:4 | Bought a scroll of teleportation for 57 gold pieces
 65048 | Depths:4 | Bought a potion of mutation for 152 gold pieces
 65048 | Depths:4 | Bought a scroll of fear for 76 gold pieces
 65060 | Depths:4 | Learned a level 4 spell: Animate Armour
 65063 | Depths:4 | Bought a potion of magic for 104 gold pieces
 65063 | Depths:4 | Bought a potion of magic for 104 gold pieces
 65313 | Depths:4 | Found a gate to the Realm of Zot.
 65628 | Zot:1    | Entered Level 1 of the Realm of Zot
 65653 | Depths:4 | Learned a level 6 spell: Bombard
 66483 | Zot:1    | Reached XP level 24. HP: 184/214 MP: 9/43
 67512 | Zot:3    | Reached XP level 25. HP: 221/221 MP: 44/44
 67628 | Zot:5    | Entered Level 5 of the Realm of Zot
 67655 | Zot:5    | Gained mutation: You have a beak for a mouth. [hidden
                  | potential]
 67655 | Zot:5    | Lost mutation: You have hidden genetic potential. [hidden
                  | potential expressed]
 67656 | Zot:5    | Lost mutation: You are partially covered in large bone
                  | plates. (SH +4) [potion of mutation]
 67656 | Zot:5    | Lost mutation: You have a beak for a mouth. [potion of
                  | mutation]
 67656 | Zot:5    | Lost mutation: You are partially covered in iridescent
                  | scales. (AC +2) [potion of mutation]
 67656 | Zot:5    | Gained mutation: You occasionally lose the ability to drink
                  | potions when taking damage. [potion of mutation]
 67656 | Zot:5    | Gained mutation: You sometimes lose the ability to drink
                  | potions when taking damage. [potion of mutation]
 67656 | Zot:5    | Gained mutation: You are robust. (+10% HP) [potion of
                  | mutation]
 67657 | Zot:5    | Lost mutation: You occasionally shout uncontrollably at
                  | your foes. [potion of mutation]
 67657 | Zot:5    | Lost mutation: You sometimes lose the ability to drink
                  | potions when taking damage. [potion of mutation]
 67657 | Zot:5    | Lost mutation: You are robust. (+10% HP) [potion of
                  | mutation]
 67657 | Zot:5    | Gained mutation: Your body sometimes deteriorates upon
                  | taking damage. [potion of mutation]
 67657 | Zot:5    | Gained mutation: Your muscles are strong. (Str +4, Int/Dex
                  | -1) [potion of mutation]
 67657 | Zot:5    | Gained mutation: Your body often deteriorates upon taking
                  | damage. [potion of mutation]
 67658 | Zot:5    | Lost mutation: Your body often deteriorates upon taking
                  | damage. [potion of mutation]
 67658 | Zot:5    | Lost mutation: Your body sometimes deteriorates upon taking
                  | damage. [potion of mutation]
 67658 | Zot:5    | Gained mutation: You have a pair of small antennae on your
                  | head. [potion of mutation]
 67658 | Zot:5    | Gained mutation: You have large cloven feet. [potion of
                  | mutation]
 67659 | Zot:5    | Lost mutation: You occasionally lose the ability to drink
                  | potions when taking damage. [potion of mutation]
 67659 | Zot:5    | Lost mutation: You have large cloven feet. [potion of
                  | mutation]
 67659 | Zot:5    | Lost mutation: Your muscles are strong. (Str +4, Int/Dex
                  | -1) [potion of mutation]
 67659 | Zot:5    | Gained mutation: You sometimes lose your temper in combat.
                  | [potion of mutation]
 67659 | Zot:5    | Gained mutation: You are resistant to electric shocks.
                  | (rElec) [potion of mutation]
 67660 | Zot:5    | Lost mutation: You sometimes lose your temper in combat.
                  | [potion of mutation]
 67660 | Zot:5    | Lost mutation: You have a pair of small antennae on your
                  | head. [potion of mutation]
 67660 | Zot:5    | Lost mutation: You are resistant to electric shocks.
                  | (rElec) [potion of mutation]
 67660 | Zot:5    | Gained mutation: You have sharp toenails. [potion of
                  | mutation]
 67660 | Zot:5    | Gained mutation: You possess an exceptional clarity of
                  | mind. [potion of mutation]
 68202 | Zot:5    | Learned a level 8 spell: Borgnjor's Revivification
 68375 | Zot:5    | Noticed a Killer Klown
 68385 | Zot:5    | Noticed a Killer Klown
 68394 | Zot:5    | Killed a Killer Klown
 68394 | Zot:5    | Killed a Killer Klown
 68693 | Zot:5    | Noticed an orb of fire
 68694 | Zot:5    | Gained mutation: You occasionally lose the ability to drink
                  | potions when taking damage. [an orb of fire]
 68713 | Zot:5    | Gained mutation: Your body sometimes deteriorates upon
                  | taking damage. [an orb of fire]
 68714 | Zot:5    | Killed an orb of fire
 68888 | Zot:5    | Noticed a Killer Klown
 68897 | Zot:5    | Killed a Killer Klown
 68897 | Zot:5    | Noticed a dread lich
 69125 | Zot:5    | Noticed a dread lich
 69131 | Zot:5    | Killed a dread lich
 69290 | Zot:5    | Paralysed by a dread lich for 3 turns
 69506 | Zot:5    | Noticed an orb of fire
 69534 | Zot:5    | Gained mutation: You are frail. (-10% HP) [an orb of fire]
 69535 | Zot:5    | Gained mutation: Your magical capacity is low. (-10% MP)
                  | [an orb of fire]
 69536 | Zot:5    | Killed an orb of fire
 69570 | Zot:5    | Lost mutation: Your body sometimes deteriorates upon taking
                  | damage. [potion of mutation]
 69570 | Zot:5    | Lost mutation: You occasionally lose the ability to drink
                  | potions when taking damage. [potion of mutation]
 69570 | Zot:5    | Lost mutation: You have sharp toenails. [potion of
                  | mutation]
 69570 | Zot:5    | Gained mutation: You are strong-willed. (Will+) [potion of
                  | mutation]
 70071 | Vaults:2 | Bought a potion of mutation for 104 gold pieces
 70071 | Vaults:2 | Bought a potion of ambrosia for 104 gold pieces
 70071 | Vaults:2 | Bought a potion of ambrosia for 104 gold pieces
 70071 | Vaults:2 | Bought a potion of ambrosia for 104 gold pieces
 70751 | Zot:5    | Killed a dread lich
 71264 | Zot:5    | Learned a level 1 spell: Apportation
 71645 | Zot:5    | Got the Orb of Zot
 72109 | D:4      | Noticed Tuonniga the pandemonium lord
 72110 | D:4      | Killed Tuonniga the pandemonium lord
 72230 | D:1      | well this was certainly a game I guess
 72231 | D:$      | Escaped with the Orb!

Illustrated notes ## ###.|## ###/))|.). ##..)....|[ #..@.:))... #'############'# ###..............# ##................. #................... ...................... .........⌠........⌠... # ...................... # ........###......###. Turn 28350 on Elf:3: high risk boots

......# # ).#####
..#.(.# ... #.#...# ...
..#.<.# ....
.##...#####...#####
.^........#...#...#
#...#.....#.....#.#
..........# #.@.#
###...#########†..#####
#...#...#...........#
#.≈..[..#.#...≈...#.≈#
#...#...#...........##
#####...##.##...#####
##...........#...#
#.......†..#.#.#.#
##...........#...#


Turn 47684 on Depths:3: holy god ###..#..# #.... ##....##.### #....
##..####....## ###.. #####..)# ##)...## #.. #..##.#.# #..##..# #..
#......#####..###.# #.. #...#.####...#....# #.. #....## #..####..## ### #....#
#@## ##.## ###.## ### #..# ### ##.# ### Turn 72230 on D:1: well this was
certainly a game I guess

Levels and vault maps discovered:
D:1:      lemuel_arrival_tunnels, layout_basic, serial_shops, shop,
          serial_park_tiny_pond, st_stairs_14, minmay_distorted
D:2:      layout_rooms, roderic_lattice_a, uniq_sigmund
D:3:      kennysheep_big_flooded_room, layout_basic,
          nicolae_overflow_crystal_walls, shapermc_ecumenical_altar_gd,
          uniq_robin
D:4:      layout_loops_cross, minmay_temple_entry_hall, serial_shops,
          nicolae_shop_tiny_waterfront, uniq_edmund
D:5:      layout_gridville
D:6:      minmay_angry_zag, layout_cave_pools, grunt_decor_one_mirror,
          st_stairs_6
D:7:      lemuel_castle_with_subvaults [lemuel_castle_interior_carwin_1],
          layout_loops_cross, amcnicky_altar_gilded,
          nicolae_kikubaaqudgha_miasma_corner, serial_undead, serial_undead_b,
          serial_undead_a, serial_undead_f, serial_undead_d,
          hangedman_decor_push, minmay_manual_monstrance
D:8:      layout_loops_ring
D:9:      layout_loops_ring, enter_bailey_3, nicolae_letterblocks
          [nicolae_letter_subblock, nicolae_letter_subblock,
          nicolae_letter_subblock, nicolae_letter_subblock,
          nicolae_letter_subblock, nicolae_letter_subblock,
          nicolae_letter_subblock, nicolae_letter_subblock,
          nicolae_letter_subblock, nicolae_letter_subblock,
          nicolae_letter_subblock, nicolae_letter_subblock,
          nicolae_letter_subblock, nicolae_letter_subblock,
          nicolae_letter_subblock, nicolae_letter_subblock,
          nicolae_letter_subblock, nicolae_letter_subblock,
          nicolae_letter_subblock, nicolae_letter_subblock,
          nicolae_letter_subblock, nicolae_letter_subblock,
          nicolae_letter_subblock, nicolae_letter_subblock,
          nicolae_letter_subblock], uniq_maurice
D:10:     layout_long_grid, nicolae_hepliaklqana_hippocampus, orc_david_3,
          corexii_corridor_pit, minivault_28, uniq_fannar, uniq_grum,
          uniq_snorg, uniq_erica
D:11:     layout_cross, lair_entry_dummy
D:12:     layout_loops_ring, serial_bayou_pond_a, uniq_azrael
D:13:     layout_gridville, david_vaults_5, uniq_frances
D:14:     layout_cave_pools, minmay_misc_feat_ornament, tso_oasis_becter,
          uniq_roxanne
D:15:     hangedman_depths_entry_civil_slaughter, layout_long_grid,
          nzn_wu_jian_council_hall, uniq_kirke, uniq_jorgrun, uniq_nessos
Temple:   regret_index_temple_mists
Lair:1:   layout_chaotic_city, dreamdust_wasp_nest
Lair:2:   layout_small_grid, ebering_ghost_inner_flame, grunt_megastairs_3,
          uniq_sonja, uniq_harold, uniq_urug
Lair:3:   layout_chaotic_city, nicolae_shoals_entry_roost,
          spider_nest_entry_web_field
Lair:4:   nzn_winding_woodlands_three_and_one
          [nzn_winding_woodlands_5x15_default, nzn_winding_woodlands_5x15_eye,
          nzn_winding_woodlands_5x15_pool, nzn_winding_woodlands_center_lodge],
          layout_loops_ring, portal_ice_cave_rime
Lair:5:   minmay_lair_end_frog_pond, layout_regular_city,
          minmay_slime_entry_oklob_open, grunt_forest_large_clearings,
          infiniplex_staircase_pool_2
Shoals:1: layout_shoals, serial_shops, shop, nicolae_shoals_lost_giant_hut,
          uniq_mlioglotl, uniq_louise
Shoals:2: layout_shoals
Shoals:3: layout_shoals, serial_shops, nicolae_shop_drivethru
Shoals:4: shoals_end_grunt_ice, layout_shoals, shoals_ilsuiw_ice
Spider:1: layout_spider_delve, nicolae_spider_orb_run
Spider:2: spiders_nest_scorpion_pit, hangedman_spider_tarantella_strand
Slime:1:  nicolae_slime_jelly_donut, layout_caves, basic_altar
Slime:2:  layout_caves, cheibrodos_slime_lost_civilization_7
Slime:3:  cheibrodos_slime_lost_civilization_2, layout_caves, special_room
          [special_room_jelly]
Slime:4:  layout_caves
Slime:5:  slime_pit_nicolae_inversion, uniq_dissolution
Orc:1:    layout_caves, serial_shops, basic_altar, mines2_david
Orc:2:    st_orc_elflike, layout_diamond_mine, serial_shops, shop,
          nicolae_shop_just_a_little_nook, nicolae_shop_tiny_glass,
          nicolae_orc_tapped_out
Elf:1:    layout_gridlike, gammafunk_ghost_fury_of_okawaru,
          minmay_elf_necromancy, minmay_elf_demonology
Elf:2:    nicolae_elf_blades_crystal_corner, layout_gridlike
Elf:3:    minmay_elf_hall_spiked, layout_gridlike, basic_altar, uniq_saint_roka
Vaults:1: nicolae_vaults_trapezoid_lopsided_4, nicolae_vaults_diamond_1,
          nicolae_vaults_layer_cake_slice, nicolae_vaults_more_shelving_1,
          nicolae_vaults_trapezoid_layered, ontoclasm_vaults_fire_temple,
          grunt_vaults_focal, layout_vaults_omnibox
Vaults:2: st_star, nicolae_vaults_trapezoid_lopsided_3,
          ontoclasm_vaults_loading_screen, vaults_mumra_hexcomb,
          nicolae_vaults_little_squares_2, v_alt_pattern_6,
          nicolae_vaults_border_crossing, grunt_vaults_hallway_short,
          nicolae_vaults_sesquioval_fish, vaults_room_fancy_cross,
          nicolae_vaults_diamond_1, hangedman_vaults_hat,
          layout_vaults_maze_snakey, serial_shops, shop, uniq_bai_suzhen
Vaults:3: gammafunk_ghost_ooze, grunt_vaults_hallway_short,
          nicolae_vaults_diamond_2, v_pattern_1, v_alt_pattern_5,
          nicolae_vaults_tetromino_L_1, minmay_crypt_entry_vampire_xt,
          vaults_room_large_hall, hangedman_vaults_stitches,
          nicolae_vaults_doubleplus_tesselated, nicolae_vaults_diamond_2,
          nicolae_vaults_offset_grid_hallway_1, nicolae_vaults_weapon_check,
          vaults_dpeg_ring, nicolae_vaults_tetromino_Z_1,
          nicolae_vaults_storage_closets_1, vaults_room_ringed_pool,
          layout_vaults_ring
Vaults:4: nicolae_vaults_meiosis, nicolae_vaults_offset_grid_hallway_1,
          nicolae_vaults_closet_pinwheel_4, nicolae_vaults_alarming, v_misc_19,
          hangedman_vaults_impose, v_misc_19, v_misc_17, lightli_orcish_oven,
          hangedman_vaults_river_flow, vaults_standard_mumra_enter_the_diamond,
          v_misc_25, layout_vaults_big_room, serial_shops, shop
Vaults:5
Depths:1: layout_gridlike, pf_vacation_house_of_asmodeus,
          kennysheep_underground_church
Depths:2: nicolae_cairo_tiling, layout_long_grid, enter_ziggurat_c,
          serial_shops, shop, hangedman_abyss_entry_splay,
          biasface_ghost_demon_polymorph, rand_demon_pan_entry_7,
          grunt_hell_horde, nemelex_diamond_rough_becter, minmay_shop_grove,
          uniq_asterion
Depths:3: hangedman_crystal_crosses_colossus [crystal_crosses_arms_two,
          crystal_crosses_arms_one, crystal_crosses_arms_one], abyss_entry,
          hell_entry
Depths:4: evilmike_zot_entry_round, layout_long_grid, nrook_uturn, hell_entry,
          amcnicky_mini_pool_medium, minmay_shoptagon, uniq_frederick,
          uniq_boris
Zot:1:    layout_onion
Zot:2:    cheibrodos_zot_enchanting_chambers, layout_basic, grunt_ministairs_13,
          door_vault
Zot:3:    layout_gridlike, uniq_grunn
Zot:4:    nicolae_moth_party, layout_misc_corridors, skrybe_zot_glass_2,
          hangedman_hellfire_club
Zot:5:    layout_gridville

Skill      XL: |  1  2  3  4  5  6  7  8  9 10 11 12 13 14 15 16 17 18 19 20 21 22 23 24 25 |
---------------+----------------------------------------------------------------------------+-----
Necromancy     | 5 6 7 8 12 15 16 17 20 | 20.0
Spellcasting   | 2 4 6 10 11 15 16 17 | 17.0
Fighting       | 1 6 7 9 10 15 17 | 17.4
Alchemy        | 3 6 7 13 15 | 15.0
Armour         | 6 7 10 15 20 | 20.0
Ice Magic      | 2 3 10 12 15 | 15.0
Earth Magic    | 9 10 15 | 15.0
Conjurations   | 6 7 12 | 12.0
Short Blades   | 11 14 | 14.0
Shields        | 8 |  8.0
Dodging        | |  1.3
Stealth        | |  1.4
Unarmed Combat | |  0.1

Action                     |  1- 3 |  4- 6 |  7- 9 | 10-12 | 13-15 | 16-18 | 19-21 | 22-24 | 25-27 || total
---------------------------+-------+-------+-------+-------+-------+-------+-------+-------+-------++-------
  Melee: Unarmed           |     2 |       |       |       |       |       |       |       |       ||     2
         Staff             |     2 |     2 |       |       |       |    30 |    23 |    12 |    13 ||    82
         Flail             |       |    13 |    18 |       |       |       |       |       |       ||    31
         Dagger            |       |       |    32 |    95 |     2 |       |       |       |       ||   129
         Trident           |       |       |       |       |   151 |     3 |       |       |       ||   154
         Quick blade       |       |       |       |       |       |    95 |   317 |   609 |   113 ||  1134
   Cast: Necrotise         |    71 |    92 |   113 |    62 |       |       |       |       |       ||   338
         Dispel Undead     |       |       |    12 |     7 |     6 |     6 |    22 |    26 |     7 ||    86
         Vampiric Draining |       |       |    14 |    12 |    40 |     1 |       |       |       ||    67
         Olgreb's Toxic Ra |       |       |    31 |   105 |   104 |     4 |       |       |       ||   244
         Animate Dead      |       |       |       |     7 |     8 |     1 |     1 |     3 |     1 ||    21
         Curse of Agony    |       |       |       |     9 |     9 |     3 |     5 |     9 |    10 ||    45
         Stone Arrow       |       |       |       |     9 |   337 |   112 |    12 |     2 |       ||   472
         Sandblast         |       |       |       |       |     3 |    22 |       |       |       ||    25
         Frozen Ramparts   |       |       |       |       |     4 |     4 |       |       |       ||     8
         Permafrost Erupti |       |       |       |       |    62 |   369 |   391 |   184 |    40 ||  1046
         Ozocubu's Refrige |       |       |       |       |       |    60 |   131 |   112 |    19 ||   322
         Rimeblight        |       |       |       |       |       |       |    12 |     8 |    12 ||    32
         Seismic Cannonade |       |       |       |       |       |       |    13 |     3 |       ||    16
         Death Channel     |       |       |       |       |       |       |       |     2 |     1 ||     3
         Bombard           |       |       |       |       |       |       |       |     7 |    41 ||    48
         Apportation       |       |       |       |       |       |       |       |       |     4 ||     4
 Invoke: Unearth Wretches  |       |       |       |       |     2 |       |       |       |     2 ||     4
         Brand Weapon With |       |       |       |       |       |     1 |       |       |       ||     1
  Evoke: Wand              |       |     9 |       |       |       |     8 |     2 |     1 |     2 ||    22
    Use: Scroll            |     2 |       |       |     9 |    22 |    13 |     8 |    26 |     6 ||    86
         Potion            |       |       |       |     1 |     5 |     6 |    14 |    25 |     7 ||    58
   Stab: Distracted        |       |       |       |     1 |     2 |       |     1 |       |     2 ||     6
         Paralysed         |       |       |       |       |     2 |       |       |       |     1 ||     3
 Armour: Leather armour    |     5 |    33 |   154 |   143 |   403 |       |       |       |       ||   738
         Chain mail        |     5 |       |       |       |       |       |       |       |       ||     5
         Plate armour      |       |       |       |       |   173 |   489 |   628 |   400 |   158 ||  1848
         Storm dragon scal |       |       |       |       |       |       |   129 |   165 |       ||   294
  Dodge: Dodged            |     6 |    24 |    93 |    75 |   190 |    91 |   154 |    88 |    10 ||   731
  Block: Buckler           |       |       |       |       |       |       |       |   172 |     6 ||   178

Table legend: (Time is in decaauts)
 A = Elapsed time spent in this place.
 B = Non-inter-level travel time spent in this place.
 C = Inter-level travel time spent in this place.
 D = Time resting spent in this place.
 E = Time spent auto-exploring this place.
 F = Levels seen in this place.
 G = Mean time per level.
                   A        B        C        D        E       F      G
               +--------+--------+--------+--------+--------+-----+--------+
         Total |  72639 |  65303 |   7336 |  16960 |  36524 |  53 | 1370.5 |
       Dungeon |  17737 |  15201 |   2536 |   2100 |  10245 |  15 | 1182.5 |
        Temple |     25 |      2 |     23 |      0 |      0 |   1 |   25.0 |
          Lair |   7216 |   6190 |   1026 |    655 |   4207 |   5 | 1443.2 |
        Shoals |   4636 |   4393 |    243 |    797 |   2999 |   4 | 1159.0 |
   Spider Nest |   2451 |   2383 |     68 |    183 |   1849 |   2 | 1225.5 |
    Slime Pits |   2781 |   2612 |    169 |   1423 |    700 |   5 |  556.2 |
  Orcish Mines |   2190 |   1977 |    213 |    567 |   1069 |   2 | 1095.0 |
   Elven Halls |   7805 |   7287 |    518 |   3520 |   2688 |   3 | 2601.7 |
        Vaults |  10227 |   9412 |    815 |   1015 |   6700 |   5 | 2045.4 |
        Depths |  10793 |   9680 |   1113 |   3919 |   4559 |   4 | 2698.2 |
           Zot |   4989 |   4381 |    608 |   2601 |    560 |   5 |  997.8 |
        Bailey |    476 |    476 |      0 |     53 |    146 |   1 |  476.0 |
      Ice Cave |   1307 |   1307 |      0 |    126 |    801 |   1 | 1307.0 |
               +--------+--------+--------+--------+--------+-----+--------+

Top non-repeatable levels by time:
Depths:2: 3618 daAuts
   Zot:5: 3310 daAuts
   Elf:3: 3179 daAuts
Depths:3: 3166 daAuts
Vaults:5: 2645 daAuts
   Elf:2: 2549 daAuts
Depths:4: 2100 daAuts
   Elf:1: 2076 daAuts
Vaults:2: 2001 daAuts
Vaults:3: 1971 daAuts
  Lair:5: 1908 daAuts
Depths:1: 1908 daAuts
Vaults:4: 1871 daAuts
     D:7: 1806 daAuts
    D:13: 1791 daAuts
